TOP OF THE 1ST |
Athletic Club KC Reserves batting - Pitching for Plymouth Rocks : RHP Alejandro Ramírez
|
Pitching: RHP Alejandro Ramírez
|
|
Batting: RHB Armando Altagracia
|
0-0: Ball 1-0: Ball 2-0: Foul Ball, location: 2F 2-1: Foul Ball, location: 2F 2-2: Ball 3-2: Foul Ball, location: 2F 3-2: Strikes out swinging
|
Batting: LHB Kwang-chih Feng
|
0-0: Ball 1-0: Fly out, F8 (Flyball, 8RM)
|
Batting: RHB Tony Osorio
|
0-0: Ball 1-0: Swinging Strike 1-1: Foul Ball, location: 2F 1-2: Ball 2-2: Strikes out swinging
|
Top of the 1st over - 0 runs, 0 hits, 0 errors, 0 left on base; Athletic Club KC 0 - Plymouth 0 |
BOTTOM OF THE 1ST |
Plymouth Rocks batting - Pitching for Athletic Club KC Reserves : RHP Ángel Rivera
|
Pitching: RHP Ángel Rivera
|
|
Batting: RHB Silvio Bonauiti
|
0-0: Foul Ball, location: 2F 0-1: Foul Ball, location: 2F 0-2: Ball 1-2: Foul Ball, location: 2F 1-2: Ground out 4-3 (Groundball, 4MS)
|
Batting: SHB Javier Vega
|
0-0: Ball 1-0: Ball 2-0: Called Strike 2-1: Ball 3-1: Ground out U3 (Groundball, 2R)
|
Batting: RHB Ernesto Trevino
|
0-0: Ball 1-0: Called Strike 1-1: Ball 2-1: Ball 3-1: Foul Ball, location: 2F 3-2: Foul Ball, location: 2F 3-2: SINGLE (Flyball, 34D) - OUT at second base trying to stretch hit.
|
Bottom of the 1st over - 0 runs, 1 hit, 0 errors, 0 left on base; Athletic Club KC 0 - Plymouth 0 |
TOP OF THE 2ND |
Athletic Club KC Reserves batting - Pitching for Plymouth Rocks : RHP Alejandro Ramírez
|
Batting: LHB Luis Miguel González
|
0-0: Ball 1-0: Foul Ball, location: 2F 1-1: Ball 2-1: DOUBLE (Flyball, 8RXD)
|
Batting: SHB Carlos Rodríguez
|
0-0: Ball 1-0: Ball 2-0: Ball 3-0: Base on Balls
|
Batting: RHB Tasuku Goto
|
0-0: Called Strike 0-1: SINGLE (Flyball, 8RS) Luis Miguel González to third Carlos Rodríguez to second
|
Batting: LHB Manuel Domínguez
|
0-0: Ball 1-0: Ball 2-0: Ball 3-0: Called Strike 3-1: Swinging Strike 3-2: Fly out, F7 (Flyball, 7S)
|
Batting: RHB Troy Whitehurst
|
0-0: Ball 1-0: Called Strike 1-1: Foul Ball, location: 2F 1-2: Strikes out looking
|
Batting: RHB Pedro Solís
|
0-0: Ball 1-0: Called Strike 1-1: Called Strike 1-2: DOUBLE (Line Drive, 8LXD) Luis Miguel González scores Carlos Rodríguez scores Tasuku Goto to third Runner from 3rd tries for Home, SAFE, no throw
|
Batting: RHB Armando Altagracia
|
0-0: Called Strike 0-1: Ground out 1-3 (Groundball, 13)
|
Top of the 2nd over - 3 runs, 3 hits, 0 errors, 1 left on base; Athletic Club KC 3 - Plymouth 0 |
BOTTOM OF THE 2ND |
Plymouth Rocks batting - Pitching for Athletic Club KC Reserves : RHP Ángel Rivera
|
Batting: RHB Xi-ku See-to
|
0-0: Called Strike 0-1: Ball 1-1: Called Strike 1-2: Ball 2-2: Foul Ball, location: 2F 2-2: Foul Ball, location: 2F 2-2: Reached on error, E9 (Line Drive, 9)
|
Batting: LHB Dae-ik Park
|
0-0: Swinging Strike 0-1: Ball 1-1: Ball 2-1: SINGLE (Groundball, 4MD) Xi-ku See-to to third
|
Batting: LHB Octávio Ontiveros
|
0-0: Called Strike 0-1: Ball 1-1: Foul Ball, location: 2F 1-2: Ball 2-2: Ball 3-2: Strikes out swinging
|
Batting: RHB Chang-lit Min
|
0-0: Foul Ball, location: 2F 0-1: Ball 1-1: Ball 2-1: Called Strike 2-2: Ball 3-2: Foul Ball, location: 2F 3-2: Foul Ball, location: 2F 3-2: Strikes out looking
|
Batting: LHB Edgardo De Jesús
|
0-0: Ball 1-0: SINGLE (Groundball, 4D) Xi-ku See-to scores Dae-ik Park to second Runner from 2nd tries for 3rd, SAFE, no throw
|
Batting: LHB Jeff Lawson
|
0-0: Foul Ball, location: 2F 0-1: Ball 1-1: Ball 2-1: Swinging Strike 2-2: Foul Ball, location: 2F 2-2: Ball 3-2: Foul Ball, location: 2F 3-2: Foul Ball, location: 2F 3-2: Foul Ball, location: 2F 3-2: Foul Ball, location: 2F 3-2: Base on Balls Edgardo De Jesús to second
|
Batting: RHB Silvio Bonauiti
|
0-0: Called Strike 0-1: Ball 1-1: Called Strike 1-2: Foul Ball, location: 2F 1-2: Hit by Pitch Dae-ik Park scores Edgardo De Jesús to third Jeff Lawson to second
|
Batting: SHB Javier Vega
|
0-0: Ball 1-0: Ball 2-0: Ball 3-0: Called Strike 3-1: Called Strike 3-2: Strikes out swinging
|
Bottom of the 2nd over - 2 runs, 2 hits, 1 error, 3 left on base; Athletic Club KC 3 - Plymouth 2 |
TOP OF THE 3RD |
Athletic Club KC Reserves batting - Pitching for Plymouth Rocks : RHP Alejandro Ramírez
|
Batting: LHB Kwang-chih Feng
|
0-0: Ball 1-0: Ball 2-0: Swinging Strike 2-1: Ball 3-1: Called Strike 3-2: Foul Ball, location: 2F 3-2: Base on Balls
|
Batting: RHB Tony Osorio
|
0-0: Grounds into double play, 1-4-3 (Groundball, 15S)
|
Batting: LHB Luis Miguel González
|
0-0: Called Strike 0-1: Ball 1-1: SOLO HOME RUN (Flyball, 9LD), Distance : 355 ft
|
Batting: SHB Carlos Rodríguez
|
0-0: Called Strike 0-1: Ball 1-1: Ball 2-1: Foul Ball, location: 2F 2-2: DOUBLE (Line Drive, 89D)
|
Batting: RHB Tasuku Goto
|
0-0: Called Strike 0-1: Ground out 5-3 (Groundball, 5)
|
Top of the 3rd over - 1 run, 2 hits, 0 errors, 1 left on base; Athletic Club KC 4 - Plymouth 2 |
BOTTOM OF THE 3RD |
Plymouth Rocks batting - Pitching for Athletic Club KC Reserves : RHP Ángel Rivera
|
Batting: RHB Ernesto Trevino
|
0-0: Ball 1-0: Ground out 6-3 (Groundball, 6)
|
Batting: RHB Xi-ku See-to
|
0-0: Ball 1-0: Called Strike 1-1: Foul Ball, location: 2F 1-2: Ball 2-2: Ball 3-2: Strikes out looking
|
Batting: LHB Dae-ik Park
|
0-0: Ball 1-0: Called Strike 1-1: Ground out 4-3 (Groundball, 4)
|
Bottom of the 3rd over - 0 runs, 0 hits, 0 errors, 0 left on base; Athletic Club KC 4 - Plymouth 2 |
TOP OF THE 4TH |
Athletic Club KC Reserves batting - Pitching for Plymouth Rocks : RHP Alejandro Ramírez
|
Batting: LHB Manuel Domínguez
|
0-0: Foul Ball, location: 2F 0-1: Fly out, F6 (Popup, 6S)
|
Batting: RHB Troy Whitehurst
|
0-0: SINGLE (Groundball, 6MD)
|
Batting: RHB Pedro Solís
|
0-0: Ball 1-0: Foul Ball, location: 2F 1-1: Called Strike 1-2: Ball 2-2: Ball 3-2: Foul Ball, location: 2F 3-2: Base on Balls Troy Whitehurst to second
|
Batting: RHB Armando Altagracia
|
0-0: Called Strike 0-1: Fielders Choice at 2nd, 6-4 (Groundball, 56) Troy Whitehurst to third
|
Batting: LHB Kwang-chih Feng
|
0-0: Called Strike 0-1: Ground out 4-3 (Groundball, 4)
|
Top of the 4th over - 0 runs, 1 hit, 0 errors, 2 left on base; Athletic Club KC 4 - Plymouth 2 |
BOTTOM OF THE 4TH |
Plymouth Rocks batting - Pitching for Athletic Club KC Reserves : RHP Ángel Rivera
|
Batting: LHB Octávio Ontiveros
|
0-0: Ball 1-0: Swinging Strike 1-1: Ball 2-1: Swinging Strike 2-2: Fly out, F7 (Line Drive, 7S)
|
Batting: RHB Chang-lit Min
|
0-0: Ball 1-0: Fly out, F9 (Flyball, 89M)
|
Batting: LHB Edgardo De Jesús
|
0-0: Ground out 6-3 (Groundball, 6)
|
Bottom of the 4th over - 0 runs, 0 hits, 0 errors, 0 left on base; Athletic Club KC 4 - Plymouth 2 |
TOP OF THE 5TH |
Athletic Club KC Reserves batting - Pitching for Plymouth Rocks : RHP Alejandro Ramírez
|
Batting: RHB Tony Osorio
|
0-0: Called Strike 0-1: Ball 1-1: Ground out 4-3 (Groundball, 4)
|
Batting: LHB Luis Miguel González
|
0-0: Called Strike 0-1: Foul Ball, location: 2F 0-2: Foul Ball, location: 2F 0-2: Ball 1-2: Strikes out swinging
|
Batting: SHB Carlos Rodríguez
|
0-0: Ball 1-0: Ball 2-0: Foul Ball, location: 2F 2-1: SINGLE (Line Drive, 89S)
|
Batting: RHB Tasuku Goto
|
0-0: Called Strike 0-1: Foul Ball, location: 2F 0-2: Foul Ball, location: 2F 0-2: Foul Ball, location: 2F 0-2: Fly out, F8 (Flyball, 89XD)
|
Top of the 5th over - 0 runs, 1 hit, 0 errors, 1 left on base; Athletic Club KC 4 - Plymouth 2 |
BOTTOM OF THE 5TH |
Plymouth Rocks batting - Pitching for Athletic Club KC Reserves : RHP Ángel Rivera
|
Batting: LHB Jeff Lawson
|
0-0: SINGLE (Flyball, 8RS)
|
Batting: RHB Silvio Bonauiti
|
0-0: Ball 1-0: Foul Ball, location: 2F 1-1: Ball 2-1: Ball 3-1: Bunt missed! 3-2: Strikes out looking
|
Batting: SHB Javier Vega
|
0-0: Ball 1-0: Fly out, F7 (Flyball, 78S)
|
Batting: RHB Ernesto Trevino
|
0-0: Ball 1-0: Ball 2-0: Called Strike 2-1: Ball 3-1: Base on Balls Jeff Lawson to second
|
Batting: RHB Xi-ku See-to
|
0-0: Called Strike 0-1: Ball 1-1: Fielders Choice at 2nd, 6-4 (Groundball, 6D)
|
Bottom of the 5th over - 0 runs, 1 hit, 0 errors, 2 left on base; Athletic Club KC 4 - Plymouth 2 |
TOP OF THE 6TH |
Athletic Club KC Reserves batting - Pitching for Plymouth Rocks : RHP Alejandro Ramírez
|
Batting: LHB Manuel Domínguez
|
0-0: Foul Ball, location: 2F 0-1: Foul Ball, location: 2F 0-2: Ball 1-2: Fly out, F6 (Line Drive, 6M)
|
Batting: RHB Troy Whitehurst
|
0-0: Foul Ball, location: 2F 0-1: Ball 1-1: Foul Ball, location: 2F 1-2: Foul Ball, location: 2F 1-2: Ball 2-2: Ball 3-2: Foul Ball, location: 2F 3-2: Fly out, F8 (Line Drive, 8LXD)
|
Batting: RHB Pedro Solís
|
0-0: Ball 1-0: Foul Ball, location: 2F 1-1: Ball 2-1: Called Strike 2-2: Fly out, F7 (Flyball, 7D)
|
Top of the 6th over - 0 runs, 0 hits, 0 errors, 0 left on base; Athletic Club KC 4 - Plymouth 2 |
BOTTOM OF THE 6TH |
Plymouth Rocks batting - Pitching for Athletic Club KC Reserves : RHP Ángel Rivera
|
Batting: LHB Dae-ik Park
|
0-0: Swinging Strike 0-1: Ball 1-1: Foul Ball, location: 2F 1-2: Ball 2-2: Ball 3-2: Foul Ball, location: 2F 3-2: Base on Balls
|
Batting: LHB Octávio Ontiveros
|
0-0: Grounds into double play, 5-4-3 (Groundball, 5D)
|
Batting: RHB Chang-lit Min
|
0-0: Ground out 4-3 (Groundball, 4)
|
Bottom of the 6th over - 0 runs, 0 hits, 0 errors, 0 left on base; Athletic Club KC 4 - Plymouth 2 |
TOP OF THE 7TH |
Athletic Club KC Reserves batting - Pitching for Plymouth Rocks : RHP Alejandro Ramírez
|
Batting: RHB Armando Altagracia
|
0-0: Called Strike 0-1: Swinging Strike 0-2: Strikes out looking
|
Batting: LHB Kwang-chih Feng
|
0-0: Foul Ball, location: 2F 0-1: Ball 1-1: DOUBLE (Line Drive, 9LM)
|
Batting: RHB Tony Osorio
|
0-0: Ball 1-0: Ball 2-0: Ball 3-0: Called Strike 3-1: Base on Balls
|
Batting: LHB Luis Miguel González
|
0-0: Ball 1-0: Called Strike 1-1: Foul Ball, location: 2F 1-2: Foul Ball, location: 2F 1-2: Grounds into double play, 3-6-1 (Groundball, 3)
|
Top of the 7th over - 0 runs, 1 hit, 0 errors, 1 left on base; Athletic Club KC 4 - Plymouth 2 |
BOTTOM OF THE 7TH |
Plymouth Rocks batting - Pitching for Athletic Club KC Reserves : RHP Ángel Rivera
|
Batting: LHB Edgardo De Jesús
|
0-0: Ball 1-0: Ball 2-0: DOUBLE (Line Drive, 89M)
|
Pitching: RHP Leroy Moody
|
|
Batting: LHB Jeff Lawson
|
0-0: Ball 1-0: Called Strike 1-1: Called Strike 1-2: SINGLE (Line Drive, 9S) Edgardo De Jesús to third
|
Batting: RHB Silvio Bonauiti
|
0-0: Ball 1-0: Called Strike Jeff Lawson steals 2nd base 1-1: Foul Ball, location: 2F 1-2: Ball 2-2: Ball 3-2: Base on Balls
|
Batting: SHB Javier Vega
|
0-0: Ball 1-0: DOUBLE (Line Drive, 78D) Edgardo De Jesús scores Jeff Lawson scores Silvio Bonauiti to third
|
Batting: RHB Ernesto Trevino
|
0-0: Foul Ball, location: 2F 0-1: Ball 1-1: Ball 2-1: Fly out, F8 (Line Drive, 78D) Runner from 3rd tags up, SCORES, no throw
|
Batting: RHB Xi-ku See-to
|
0-0: Intentional Walk
|
Batting: LHB Dae-ik Park
|
0-0: Ball 1-0: Swinging Strike 1-1: Called Strike 1-2: Ball 2-2: Foul Ball, location: 2F 2-2: Foul Ball, location: 2F 2-2: Ball 3-2: Foul Ball, location: 2F 3-2: Base on Balls Javier Vega to third Xi-ku See-to to second
|
Pitching: LHP Ben Skelton
|
|
Pinch Hitting: RHB Cosmo Bjorkenheim
|
0-0: Ball 1-0: Ball 2-0: Grounds into fielders choice 1-2 (Groundball, 13) Xi-ku See-to to third Dae-ik Park to second
|
Batting: RHB Chang-lit Min
|
0-0: Called Strike 0-1: Swinging Strike 0-2: Foul Ball, location: 2F 0-2: Ground out 4-3 (Groundball, 4)
|
Bottom of the 7th over - 3 runs, 3 hits, 0 errors, 3 left on base; Athletic Club KC 4 - Plymouth 5 |
BOTTOM OF THE 8TH |
Plymouth Rocks batting - Pitching for Athletic Club KC Reserves : LHP Ben Skelton
|
Batting: LHB Edgardo De Jesús
|
0-0: Fly out, F9 (Flyball, 9LM)
|
Batting: LHB Jeff Lawson
|
0-0: Ground out U3 (Groundball, 34)
|
Batting: RHB Silvio Bonauiti
|
0-0: Ball 1-0: Swinging Strike 1-1: Ball 2-1: Ball 3-1: Base on Balls
|
Batting: SHB Javier Vega
|
0-0: Ball 1-0: Ball 2-0: Ball 3-0: Called Strike 3-1: Base on Balls Silvio Bonauiti to second
|
Batting: RHB Ernesto Trevino
|
0-0: Called Strike 0-1: Ball 1-1: Called Strike 1-2: Ball 2-2: SINGLE (Line Drive, 8RS) Silvio Bonauiti to third Javier Vega to second Runner from 3rd tries for Home, SAFE, throw made home
|
Batting: RHB Alfonso Grappasonni
|
0-0: Called Strike 0-1: Fielders Choice at 2nd, 6-4 (Groundball, 6)
|
Bottom of the 8th over - 1 run, 1 hit, 0 errors, 2 left on base; Athletic Club KC 4 - Plymouth 6 |
TOP OF THE 9TH |
Athletic Club KC Reserves batting - Pitching for Plymouth Rocks : RHP Artie Best
|
Pitching: RHP Henry Henry
|
|
Batting: RHB Troy Whitehurst
|
0-0: Called Strike 0-1: Ball 1-1: Called Strike 1-2: Ball 2-2: Ground out 6-3 (Groundball, 6D)
|
Batting: RHB Pedro Solís
|
0-0: Ball 1-0: Called Strike 1-1: Ball 2-1: Swinging Strike 2-2: Ground out 6-3 (Groundball, 6)
|
Batting: RHB Armando Altagracia
|
0-0: Ball 1-0: Called Strike 1-1: Foul Ball, location: 2F 1-2: Strikes out swinging, 2-3 out at first.
|
Top of the 9th over - 0 runs, 0 hits, 0 errors, 0 left on base; Athletic Club KC 4 - Plymouth 6 |
|